Description

testt

Replay - liquidclem v Serral: Game 6 - Blackrock LE

Build Order

Get SALT Encoding   

  8  0:05  Drone x2  工蜂, 工蜂
  10  0:16  Drone  工蜂
  11  0:27  Overlord  王虫
  11  0:32  Drone  工蜂
  12  0:45  Drone x2  工蜂, 工蜂
  14  0:55  Drone  工蜂
  15  1:11  Hatchery  XX
  14  1:14  Drone x2  
  16  1:25  Drone  
  17  1:35  Spawning Pool  
  17  1:43  Extractor  
  19  2:14  Overlord  
  19  2:22  Queen x2  
  21  2:25  Zergling x2  
  24  2:34  Zergling x2  
  27  2:47  Overlord  
  27  2:48  Metabolic Boost  
  28  2:55  Spore Crawler  
  27  3:05  Queen  
  32  3:16  Overlord  
  40  3:40  Overlord  
  40  3:53  Queen  
  44  4:01  Zergling x4  
  46  4:03  Hatchery  
  46  4:08  Zergling x2  
  52  4:18  Queen  
  55  4:34  Zergling x2, Extractor  
  55  4:35  Lair  
  59  4:53  Zergling x4  
  59  4:54  Queen  
  63  5:06  Evolution Chamber x2  
  63  5:13  Spore Crawler x3  
  65  5:16  Zergling x2  
  71  5:32  Overseer  
  71  5:40  Zerg Ground Armor Level 1  
  77  5:53  Baneling Nest, Extractor  
  77  6:04  Queen  
  77  6:09  Zerg Melee Weapons Level 1  
  83  6:21  Zergling x2  
  86  6:26  Hatchery  
  88  6:38  Centrifugal Hooks  
  91  6:40  Extractor x2  
  95  7:01  Infestation Pit  
  94  7:05  Hatchery  
  109  7:31  Hatchery  
  109  7:33  Baneling x5  
  110  7:37  Zerg Ground Armor Level 2  
  110  7:39  Queen  
  117  7:49  Hive  
  118  8:05  Baneling x4  
  121  8:07  Spore Crawler  
  121  8:11  Baneling  
  121  8:12  Infestor x2  
  120  8:14  Zerg Melee Weapons Level 2  
  136  8:31  Queen  
  140  8:35  Pneumatized Carapace  
  140  8:40  Extractor  
  171  9:20  Adrenal Glands  
  171  9:21  Ultralisk Cavern  
  176  9:32  Overseer x2  
  176  9:34  Burrow  
  182  9:53  Spire  
  182  9:55  Hatchery  
Spawning Tool Build Advisor. Get it on Overwolf

Analysis

tset

Go to:

Details

  • Created by: patzilla9527
  • Published on: Aug 18, 2026
  • Modified on: Aug 18, 2026
  • Patch: 5.0.16
  • Difficulty: Easy
Show
View Real Time Build Order
Export as new Build Order

Comments (0)

There are no comments. Be the first!

Create an account to comment!